 Dungeon Crawl Stone Soup version 0.27.1-34-g3ba077fa99 (webtiles) character file.

Game seed: 16485819892466255643

4724 vvl the Ruffian (level 10, -40/83 HPs)
             Began as a Green Draconian Transmuter on Jan 14, 2022.
             Killed from afar by a fire dragon (56 damage)
             ... with a blast of flame
             ... on level 9 of the Dungeon.
             The game lasted 00:22:04 (6820 turns).

vvl the Ruffian (Green Draconian Transmuter)        Turns: 6820, Time: 00:22:04

Health: -40/83     AC: 11    Str: 14    XL:     10   Next: 22%
Magic:  18/18      EV: 15    Int: 16    God:
Gold:   482        SH:  0    Dex: 18    Spells: 18/19 levels left

rFire    . . .     SeeInvis .   t - +0 trident (venom)
rCold    + . .     Faith    .   (no shield)
rNeg     . . .     Spirit   .   (armour unavailable)
rPois    +         Reflect  .   (helmet currently unavailable)
rElec    .         Harm     .   (no cloak)
rCorr    .         Rampage  .   (no gloves)
Will     .....                  (boots currently unavailable)
Stlth    ++........             a - amulet of regeneration
HPRegen  1.23/turn              c - ring "Xooxut" {AC+4 Str-2 Int+3 Dex+6}
MPRegen  0.16/turn              u - ring of protection from cold

@: short of breath, appendages
A: horns 2, talons 2, breathe noxious fumes, AC +7, unfitting armour, poison
resistance, cold-blooded
a: Breathe Noxious Fumes, End Transformation


You were on level 9 of the Dungeon.
You had temporarily grown beastly horns and talons.
You visited 2 branches of the dungeon, and saw 10 of its levels.

You collected 482 gold pieces.

Inventory:

Hand Weapons
 e - a +4 hand axe of holy wrath
 r - a +1 vampiric scythe
 s - a +3 whip
 t - a +0 trident of venom (weapon)
Missiles
 h - a throwing net
 p - 3 silver javelins
 q - 55 bolts
Magical Staves
 l - a staff of poison
 y - a staff of conjuration
Jewellery
 a - an amulet of regeneration (around neck)
 c - the ring "Xooxut" (left hand) {AC+4 Str-2 Int+3 Dex+6}
   (You found it on level 7 of the Dungeon)

   [ring of protection]

   AC:        It affects your AC (+4).
   Str:       It affects your strength (-2).
   Int:       It affects your intelligence (+3).
   Dex:       It affects your dexterity (+6).
 u - a ring of protection from cold (right hand)
 v - an amulet of magic regeneration
 E - a ring of wizardry
Wands
 x - a wand of polymorph (9)
Scrolls
 b - a scroll of immolation {unknown}
 d - a scroll of enchant armour {unknown}
 i - 2 scrolls of vulnerability
 n - 4 scrolls of teleportation
 w - a scroll of amnesia
 z - a scroll of magic mapping {unknown}
 A - a scroll of blinking {unknown}
 B - a scroll of fear {unknown}
 C - a scroll of enchant weapon {unknown}
 D - a scroll of identify
Potions
 f - 2 potions of lignification {unknown}
 g - 2 potions of haste {unknown}
 j - a potion of berserk rage {unknown}
 k - 2 potions of attraction {unknown}
 m - 5 potions of curing
 o - a potion of flight {unknown}
 F - a potion of mutation {unknown}


   Skills:
 + Level 6.1 Fighting
 + Level 5.5 Dodging
 + Level 6.5 Unarmed Combat
 + Level 5.4 Spellcasting
 - Level 2.0 Conjurations
 + Level 6.0 Transmutations
 + Level 4.8 Fire Magic
 + Level 5.5 Earth Magic


You had 18 spell levels left.
You knew the following spells:

 Your Spells              Type           Power      Damage    Failure   Level
a - Beastly Appendage     Tmut           46%        N/A       1%          1

Your spell library contained the following spells:

 Spells                   Type           Power      Damage    Failure   Level
 Sandblast                Erth           44%        2d11      1%          1
 Passwall                 Tmut/Erth      18%        N/A       1%          2
 Wereblood                Tmut           23%        N/A       1%          2
 Foxfire                  Conj/Fire      60%        2x1d7     3%          1
 Conjure Flame            Conj/Fire      15%        6-21      11%         3
 Spider Form              Tmut/Pois      7%         N/A       13%         3
 Inner Flame              Hex/Fire       12%        N/A       16%         3
 Ensorcelled Hibernation  Hex/Ice        8%         N/A       22%         2
 Ice Form                 Ice/Tmut       14%        N/A       38%         4
 Lee's Rapid Deconstruct  Erth           11%        3d9*      38%         5
 Frozen Ramparts          Ice            8%         1d2       41%         3
 Fireball                 Conj/Fire      7%         3d5       69%         5
 Summon Ice Beast         Ice/Summ       4%         N/A       82%         4
 Starburst                Conj/Fire      7%         6d4       99%         6
 Shadow Creatures         Summ           N/A        N/A       100%        6
 Ignition                 Fire           10%        3d5       100%        8


Dungeon Overview and Level Annotations

Branches:
Dungeon (9/15)             Temple (1/1) D:7
   Lair: D:8-11         Orc: D:9-12

Altars:
Ashenzari
Cheibriados
Dithmenos
Elyvilon
Fedhas
Gozag
Hepliaklqana
Kikubaaqudgha
Makhleb
Nemelex Xobeh
Okawaru
Qazlal
Ru
Trog
Uskayaw
Vehumet
Wu Jian
Xom
Yredelemnul
Zin
The Shining One
Beogh


Innate Abilities, Weirdness & Mutations

You have temporarily grown beastly horns and talons.
You can breathe blasts of noxious fumes.
Your lurid green scales are hard. (AC +7)
You cannot fit into any form of body armour.
Your system is resistant to poisons. (rPois)
You are cold-blooded and may be slowed by cold attacks.


Message History

A fire dragon is nearby!
Aiming: Polymorph
Press: ? - help, Shift-Dir - straight line, f - fire dragon
Aim: a fire dragon (will become a spark wasp, an ice dragon, or a great orb of eyes, chance to affect: 15%)
Okay, then.
You grow a pair of large bovine horns.
Your feet morph into talons.
The fire dragon breathes flames at you. The blast of flame hits you!!
Press: ? - help, Shift-Dir - straight line, f - fire dragon
Aim: a fire dragon You exhale a blast of noxious fumes.
The blast of choking fumes hits the fire dragon.
The fire dragon completely resists.
Reach: t) +0 trident (venom)
Press: ? - help, Dir - move target, f/p - fire dragon
Aim: a fire dragon (noxious fumes, about 30% to evade your +0 trident of venom)
You reach to attack!
You hit the fire dragon.
The fire dragon is lightly wounded.
You hit the fire dragon.
You claw the fire dragon, but do no damage.
Your headbutt misses the fire dragon.
The fire dragon is lightly wounded.
The fire dragon breathes flames at you. The blast of flame hits you!!!
Ouch! That really hurt!
* * * LOW HITPOINT WARNING * * *
The fire dragon bites you!
* * * LOW HITPOINT WARNING * * *
The fire dragon claws you!
* * * LOW HITPOINT WARNING * * *
The fire dragon closely misses you. The fire dragon breathes flames at you.
The blast of flame misses you.
A fire dragon is nearby!
The fire dragon breathes flames at you. The blast of flame misses you.
The fire dragon breathes flames at you. The blast of flame hits you!!!
Ouch! That really hurt!
You die...

.......## #......#
#......#
#######......#####
#......#
#.................
##....##
#.####....###.....
##..## #.# #....#
#..... #..#
#.####....###.....
##.#
#>...'....'.......
#.#
####.####....###.....
#.## #..#@#########
#..... #..# #.......#
###### ##.# #.......#
#.# ####.......# #.#
#.D...#+####
#.####.##.##
#...##.##...
###..D.##.###
#######.#


You could see a fire dragon (catching breath).

Vanquished Creatures
  Grinder (D:4)
  Sigmund (D:4)
  Eustachio (D:5)
  6 yaks
  3 steam dragons
  2 orc warriors (D:8)
  A sky beast (D:6)
  An ice beast (D:6)
  2 necrophages
  2 centaurs (D:8)
  4 kobold brigands
  A phantom (D:7)
  Blork the orc (D:5)
  7 bullfrogs
  A gnoll sergeant (D:5)
  3 scorpions
  A water moccasin skeleton (D:7)
  2 centaur zombies
  3 hounds
  3 orc priests
  An iguana (D:4)
  Ijyb (D:3)
  Natasha (thrice) (D:2)
  6 orc wizards
  A hound zombie (D:5)
  A howler monkey zombie (D:7)
  Robin (D:3)
  13 gnolls
  6 adders
  A white imp (D:7)
  2 worms
  A dart slug (D:1)
  36 orcs
  7 ball pythons
  3 endoplasms
  5 giant cockroaches
  15 goblins
  12 hobgoblins
  4 jackals (D:3)
  26 kobolds
  2 quokkas
  2 bats (D:2)
  6 frilled lizards
  5 rats
206 creatures vanquished.

Vanquished Creatures (others)
  An orc wizard (D:5)
1 creature vanquished.

Grand Total: 207 creatures vanquished

Notes
Turn   | Place    | Note
-------+----------+-------------------------------------------
     0 | D:1      | vvl the Draconian Transmuter began the quest for the Orb.
     0 | D:1      | Reached XP level 1. HP: 16/16 MP: 3/3
   253 | D:1      | Reached XP level 2. HP: 23/23 MP: 3/5
   305 | D:1      | You fall into a shaft and drop 1 floor!
   373 | D:2      | Reached XP level 3. HP: 21/29 MP: 6/6
   383 | D:2      | Reached skill level 1 in Earth Magic
   467 | D:2      | Reached XP level 4. HP: 36/36 MP: 5/7
   719 | D:2      | Noticed Natasha
   919 | D:2      | Killed Natasha
   920 | D:2      | Reached XP level 5. HP: 31/42 MP: 7/9
  1084 | D:1      | Found a faded altar of an unknown god.
  1660 | D:2      | Noticed Natasha
  1668 | D:2      | Killed Natasha
  1893 | D:2      | Noticed Natasha
  1901 | D:2      | Killed Natasha
  1961 | D:3      | Noticed Ijyb
  1964 | D:3      | Paralysed by Ijyb for 2 turns
  1970 | D:3      | Paralysed by Ijyb for 3 turns
  1976 | D:3      | Paralysed by Ijyb for 2 turns
  1979 | D:3      | Killed Ijyb
  2024 | D:3      | Reached XP level 6. HP: 50/50 MP: 10/10
  2181 | D:3      | Noticed Robin
  2203 | D:3      | Killed Robin
  2549 | D:4      | Noticed Grinder
  2568 | D:4      | Killed Grinder
  2569 | D:4      | Reached skill level 1 in Conjurations
  2569 | D:4      | Reached skill level 1 in Fire Magic
  2569 | D:4      | Your scales start taking on a lurid green colour.
  2569 | D:4      | Reached XP level 7. HP: 39/57 MP: 11/11
  2569 | D:4      | Gained mutation: Your system is resistant to poisons.
                  | (rPois) [Green Draconian growth]
  2671 | D:4      | Found a white marble altar of Elyvilon.
  2779 | D:4      | Noticed a yak
  2779 | D:4      | Noticed a yak
  2781 | D:4      | Noticed a yak
  2790 | D:4      | Killed a yak
  2800 | D:4      | Killed a yak
  2807 | D:4      | Killed a yak
  2808 | D:4      | Reached XP level 8. HP: 20/66 MP: 13/13
  2903 | D:4      | Noticed Sigmund
  2949 | D:5      | Entered Level 5 of the Dungeon
  3080 | D:4      | Killed Sigmund
  3286 | D:5      | Reached skill level 5 in Unarmed Combat
  3331 | D:5      | Noticed Eustachio
  3351 | D:5      | Killed Eustachio
  3451 | D:5      | Noticed Blork the orc
  3457 | D:5      | Killed Blork the orc
  4072 | D:6      | Reached XP level 9. HP: 53/73 MP: 15/15
  4098 | D:6      | Found a glowing silver altar of Zin.
  4188 | D:6      | Reached skill level 5 in Transmutations
  4249 | D:6      | Reached skill level 5 in Fighting
  4478 | D:6      | Found a burning altar of Makhleb.
  4478 | D:6      | Found an iron altar of Okawaru.
  4481 | D:6      | Found a snail-covered altar of Cheibriados.
  4482 | D:6      | Found a radiant altar of Vehumet.
  4636 | D:7      | Found a staircase to the Ecumenical Temple.
  4650 | Temple   | Entered the Ecumenical Temple
  4742 | D:7      | Found a shimmering altar of Xom.
  4931 | D:7      | Reached skill level 5 in Dodging
  5225 | D:7      | Identified the ring "Xooxut" {AC+4 Str-2 Int+3 Dex+6}
  5329 | D:7      | Reached skill level 5 in Spellcasting
  5832 | D:8      | Reached skill level 5 in Earth Magic
  5926 | D:8      | Reached XP level 10. HP: 57/83 MP: 17/17
  6124 | D:8      | Found a runed translucent door.
  6787 | D:9      | Noticed a fire dragon
  6809 | D:9      | HP: 3/83 [fire dragon (10)]
  6820 | D:9      | Killed from afar by a fire dragon

Illustrated notes

Levels and vault maps discovered:
D:1:      mrwooster_arrival_statue_2, layout_basic,
          hellmonk_ecumenical_altar_zigzags, minmay_misc_feat_pillars
D:2:      layout_basic, minmay_circle_x, uniq_natasha
D:3:      layout_rooms, uniq_robin, uniq_ijyb
D:4:      layout_loops_ring, lemuel_doored_altar, kennysheep_flooded_box,
          minmay_ruptured, uniq_crazy_yiuf_cottage, uniq_grinder, uniq_sigmund
D:5:      layout_basic, uniq_blork_the_orc, uniq_eustachio
D:6:      layout_basic, mainiacjoe_overflow_tiny_flanked,
          mainiacjoe_overflow_alcove_3
D:7:      layout_loops_corners, mainiacjoe_overflow_concentric_impassable,
          minmay_temple_entry_mini_moons
D:8:      layout_rooms, lightli_church_of_beogh
D:9:      dragon1_lemuel, layout_basic, minmay_misc_feat_roman
Temple:   nicolae_temple_no_exploring_needed

Skill      XL: |  1  2  3  4  5  6  7  8  9 10 |
---------------+-------------------------------+-----
Dodging        | 2 3 4 5 |  5.5
Fighting       | 2 3 4 5 6 |  6.1
Earth Magic    | 1 2 3 4 5 |  5.5
Transmutations | 3 4 5 6 |  6.0
Spellcasting   | 3 4 5 |  5.4
Unarmed Combat | 4 5 6 |  6.5
Conjurations   | 1 2 |  2.0
Fire Magic     | 1 2 3 4 |  4.8

Action                   |  1- 3 |  4- 6 |  7- 9 | 10-12 || total
-------------------------+-------+-------+-------+-------++-------
Melee: Unarmed           |    77 |    19 |       |       ||    96
       Kick              |    15 |    30 |    63 |    29 ||   137
       Headbutt          |     3 |    15 |    44 |    16 ||    78
       Tailslap          |     4 |    14 |    36 |    14 ||    68
       Punch             |     1 |     4 |    10 |     2 ||    17
       Hand axe          |       |   180 |    47 |       ||   227
       Trident           |       |       |   211 |   117 ||   328
       Scythe            |       |       |    29 |       ||    29
 Cast: Beastly Appendage |     9 |    31 |    37 |    11 ||    88
 Abil: Breathe Noxious F |       |       |     6 |     2 ||     8
  Use: Scroll            |       |       |     5 |       ||     5
 Stab: Sleeping          |       |     1 |     3 |     1 ||     5
       Confused          |       |       |     3 |     1 ||     4
Armor: Skin              |    28 |    63 |   118 |    51 ||   260
Dodge: Dodged            |    63 |   180 |   238 |   101 ||   582
